 Dungeon Crawl Stone Soup version 0.30-a0-748-ge6a52f7cba (webtiles) character file.

Game seed: 7203621019538946661

5237 HammerPanzer the Severer (level 10, 0/77 HPs)
             Began as a Minotaur Berserker on Feb 8, 2023.
             Was an Elder of Trog.
             Hit by a javelin thrown by a centaur (8 damage)
             ... in a bailey.
             The game lasted 00:19:15 (7072 turns).

HammerPanzer the Severer (Minotaur Berserker)       Turns: 7072, Time: 00:19:16

Health: 0/77       AC: 10    Str: 26    XL:     10   Next: 35%
Magic:  9/9        EV:  9    Int: 10    God:    Trog [****..]
Gold:   495        SH:  0    Dex: 10    Spells: 9/9 levels left

rFire   . . .      SeeInvis .    t - +5 hand axe (venom)
rCold   . . .      Faith    .    (no shield)
rNeg    . . .      Spirit   .    b - +1 chain mail {rPois}
rPois   +          Reflect  .    (helmet restricted)
rElec   .          Harm     .    (no cloak)
rCorr   .          Rampage  .    g - +0 pair of gloves
Will    .....                    (no boots) Stlth
                                 (no amulet)
HPRegen 0.32/turn                i - +6 ring of intelligence
MPRegen 0.11/turn                (no ring)

@: no status effects
A: horns 2, retaliatory headbutt
a: Renounce Religion, Berserk, Trog's Hand, Brothers in Arms


You were in a bailey.
You worshipped Trog.
Trog was greatly pleased with you.
You visited 1 branch of the dungeon, and saw 7 of its levels.
You also visited: Bailey.

You collected 495 gold pieces.

Inventory:

Hand Weapons
 t - a +5 hand axe of venom (weapon)
Armour
 b - a +1 chain mail of poison resistance (worn)
 g - a +0 pair of gloves (worn)
Jewellery
 i - a +6 ring of intelligence (left hand)
Wands
 e - a wand of flame (28)
 j - a wand of roots (5)
Scrolls
 h - a scroll of brand weapon
 m - a scroll of fear
Potions
 c - 4 potions of curing
 d - 2 potions of mutation
 f - 3 potions of lignification
 k - a potion of might
 q - a potion of ambrosia
 r - a potion of cancellation {unknown}


   Skills:
 - Level 3.6 Fighting
 + Level 18.1 Axes
 - Level 2.4 Armour
 - Level 2.1 Dodging


You had 9 spell levels left.
You didn't know any spells.
Your spell library was empty.

Dungeon Overview and Level Annotations

Branches:
Dungeon (7/15)             Temple (0/1) D:4          Bailey (1/1)

Altars:
Gozag
Kikubaaqudgha
Xom
The Shining One


Innate Abilities, Weirdness & Mutations

You have a pair of horns on your head.
You reflexively headbutt those who attack you in melee.


Message History

The centaur throws a javelin.
The javelin pierces through you!
The centaur throws a javelin.
The javelin pierces through you.
The centaur throws a javelin.
The javelin pierces through you.
A centaur comes into view. It is wielding a +3 halberd.
The centaur shouts!
You hear a shout!
The centaur throws a javelin.
The javelin pierces through you but does no damage.
The centaur throws a javelin.
The javelin pierces through you!
The centaur throws a javelin.
The javelin closely misses you.
You hear a shout!
An orc warrior comes into view. It is wielding a +0 glaive.
The orc warrior shouts!
You hear a shout!
The centaur throws a javelin.
The javelin pierces through you.
A centaur comes into view. It is wielding a +4 trident.
The centaur throws a javelin.
The javelin pierces through you!
The centaur throws a javelin.
The javelin pierces through you!
The centaur throws a javelin.
The javelin pierces through you!
* * * LOW HITPOINT WARNING * * *
The centaur throws a javelin.
The javelin pierces through you!
* * * LOW HITPOINT WARNING * * *
The centaur throws a javelin.
The javelin pierces through you.
* * * LOW HITPOINT WARNING * * *
The centaur throws a javelin.
The javelin completely misses you.
As you read the scroll of fear, it crumbles to dust.
You assume a fearsome visage.
The centaur looks frightened! x2; The orc warrior looks frightened!
The centaur looks frightened!
A centaur comes into view. It is wielding a +0 spear.
The centaur throws a javelin.
The javelin pierces through you.
* * * LOW HITPOINT WARNING * * *
Cornered, the centaur turns to fight!
The centaur throws a javelin.
The javelin pierces through you.
* * * LOW HITPOINT WARNING * * *
The centaur throws a javelin.
The javelin pierces through you!
You die...

≈≈≈## ....##
##≈≈≈≈≈≈≈≈≈≈≈≈≈≈≈≈≈≈≈≈
.....###≈≈≈≈≈≈≈≈.c.....≈≈≈≈≈≈
......#≈≈≈≈≈≈≈..≈≈≈≈≈≈≈..≈≈≈≈
##....#≈≈≈≈≈..≈≈≈.....≈≈≈..≈≈
.##...#≈≈≈≈.≈≈≈.........≈≈≈c≈
⌠.#...#≈≈≈≈o≈.............≈.≈
..#...#≈≈≈.≈≈.⌠.........⌠.≈≈.
≈.#⌠..#≈≈≈.≈....@..........≈.
≈.##..#≈≈.≈≈....≈≈≈≈≈≈≈....≈≈
≈≈.#..#####...≈≈≈~~~~~≈≈≈...≈
.≈.#..'......≈≈≈~≈≈≈≈≈~c≈≈..≈
.≈.#..')..)..≈≈≈~~:.}≈≈≈~~...
.≈.#..').....≈≈≈~≈≈≈≈≈~~≈≈o.≈
≈≈.#.)#####...≈≈≈~~~~~≈≈≈...≈
≈.##))#≈≈.≈≈....≈≈≈≈≈≈≈....≈≈
≈.#⌠..#≈≈≈c≈...........


You could see 2 centaurs and an orc.

Vanquished Creatures
  Pikel (D:6)
  A gargoyle (D:5)
  A wraith (D:7)
  Menkaure (D:5)
  A water moccasin (D:5)
  2 ice beasts
  9 orc warriors (Bailey)
  A sky beast (D:6)
  4 ogres
  4 centaurs
  2 phantoms
  4 lemures (D:6)
  A kobold brigand (D:6)
  A bullfrog (D:7)
  A gnoll sergeant (D:7)
  6 scorpions
  2 necrophages
  8 wights
  4 hounds
  8 jellies
  2 orc priests
  2 gnoll boudas
  4 iguanas
  6 orc wizards
  17 gnolls
  3 adders
  2 shadow imps
  3 white imps
  A worm (D:2)
  3 dart slugs
  36 orcs
  6 ball pythons
  2 bats
  4 endoplasms
  5 giant cockroaches
  11 goblins
  7 hobgoblins
  5 jackals
  4 quokkas
  3 frilled lizards
  11 kobolds
  8 rats
207 creatures vanquished.

Vanquished Creatures (others)
  An orc (Bailey)
1 creature vanquished.

Grand Total: 208 creatures vanquished

Notes
Turn   | Place    | Note
-------+----------+-------------------------------------------
     0 | D:1      | HammerPanzer the Minotaur Berserker began the quest for the
                  | Orb.
     0 | D:1      | Reached XP level 1. HP: 19/19 MP: 0/0
    20 | D:1      | Reached skill level 4 in Axes
    81 | D:1      | Reached XP level 2. HP: 26/26 MP: 1/1
   166 | D:1      | Reached skill level 5 in Axes
   266 | D:1      | Reached XP level 3. HP: 26/31 MP: 2/2
   270 | D:1      | Reached ** piety under Trog
   901 | D:2      | Identified the +9 short sword "Q" {flame, Dex+8}
  1223 | D:3      | Found a faded altar of an unknown god.
  1531 | D:3      | Found an ancient bone altar of Kikubaaqudgha.
  1541 | D:3      | Reached skill level 6 in Axes
  1541 | D:3      | Reached XP level 4. HP: 16/39 MP: 3/3
  2276 | D:4      | Reached skill level 7 in Axes
  2276 | D:4      | Reached XP level 5. HP: 16/45 MP: 4/4
  2496 | D:4      | Reached skill level 8 in Axes
  2521 | D:4      | Found a glowing golden altar of the Shining One.
  2600 | D:4      | Reached *** piety under Trog
  2671 | D:4      | Identified the +2 robe "Quhos" {*Slow +Inv rPois Str+4}
  2682 | D:4      | Found a staircase to the Ecumenical Temple.
  2694 | D:4      | Noticed an ogre
  2699 | D:4      | Killed an ogre
  2700 | D:4      | Reached XP level 6. HP: 51/51 MP: 5/5
  2947 | D:5      | Entered Level 5 of the Dungeon
  2947 | D:5      | Noticed Menkaure
  3121 | D:5      | Reached skill level 9 in Axes
  3138 | D:5      | Reached XP level 7. HP: 38/57 MP: 6/6
  3409 | D:5      | Found a shimmering altar of Xom.
  3420 | D:5      | Reached skill level 10 in Axes
  3776 | D:5      | Killed Menkaure
  3777 | D:5      | Reached skill level 11 in Axes
  4023 | D:5      | Noticed a gargoyle
  4031 | D:5      | Reached XP level 8. HP: 42/64 MP: 7/7
  4114 | D:5      | Reached skill level 12 in Axes
  4208 | D:5      | Reached skill level 13 in Axes
  4305 | D:5      | Killed a gargoyle
  4306 | D:5      | Reached skill level 14 in Axes
  4320 | D:5      | Reached XP level 9. HP: 62/70 MP: 8/8
  4774 | D:6      | Found an opulent altar of Gozag.
  4846 | D:6      | Noticed Pikel
  4852 | D:6      | Reached skill level 15 in Axes
  4863 | D:6      | Killed Pikel
  5081 | D:6      | Reached skill level 16 in Axes
  5205 | D:6      | Reached **** piety under Trog
  5705 | D:7      | Reached skill level 17 in Axes
  5708 | D:7      | Reached XP level 10. HP: 48/77 MP: 9/9
  5785 | D:7      | Found a flagged portal.
  5809 | Bailey   | Entered a bailey
  6405 | Bailey   | Reached skill level 18 in Axes
  7072 | Bailey   | Hit by a javelin thrown by a centaur

Illustrated notes

Levels and vault maps discovered:
D:1:      dpeg_arrival_windows_large_door, layout_rooms
D:2:      layout_basic
D:3:      layout_loops_corners, mainiacjoe_overflow_alcove_1,
          shapermc_ecumenical_altar_ellora, amcnicky_mini_rare_corridor_liquid
D:4:      layout_basic, kennysheep_mini, minmay_temple_entry_fiery,
          amcnicky_mini_corridor_feature, lemuel_flame_loot_1
D:5:      minmay_clustersquares, layout_basic, mainiacjoe_overflow_catwalk,
          uniq_menkaure
D:6:      layout_cave_pools, nicolae_gozag_cash_rules_everything_around_me,
          serial_glass, glass_columns_b, glass_columns_b, glass_columns_a,
          glass_columns_a, glass_columns_b, glass_columns_b, feat_on_display,
          kennysheep_dice, uniq_pikel
D:7:      layout_loops_ring, lemuel_mausoleum_altar_yredelemnul, enter_bailey_5,
          minmay_manual_mess
Bailey:   bailey_polearm_flooded_kennysheep, bailey

Skill      XL: |  1  2  3  4  5  6  7  8  9 10 |
---------------+-------------------------------+-----
Axes           | 4 5 6 7 8 9 11 14 17 18 | 18.1
Fighting       | |  3.6
Armour         | |  2.4
Dodging        | |  2.1

Action                     |  1- 3 |  4- 6 |  7- 9 | 10-12 || total
---------------------------+-------+-------+-------+-------++-------
  Melee: Hand axe          |    91 |    70 |   247 |    84 ||   492
         Headbutt          |    14 |    17 |    51 |     9 ||    91
         Punch             |       |       |     2 |     1 ||     3
  Throw: Dart              |       |       |       |     6 ||     6
 Invoke: Berserk           |     3 |     2 |     8 |     6 ||    19
    Use: Scroll            |     8 |     4 |     4 |     2 ||    18
         Potion            |       |       |     5 |     6 ||    11
   Stab: Invisible         |       |       |       |     3 ||     3
 Armour: Animal skin       |    14 |       |       |       ||    14
         Chain mail        |       |    35 |    90 |    44 ||   169
  Dodge: Dodged            |    46 |    22 |    76 |    65 ||   209

Table legend: (Time is in decaauts)
 A = Elapsed time spent in this place.
 B = Non-inter-level travel time spent in this place.
 C = Inter-level travel time spent in this place.
 D = Time resting spent in this place.
 E = Time spent auto-exploring this place.
 F = Levels seen in this place.
 G = Mean time per level.
                   A        B        C        D        E       F      G
               +--------+--------+--------+--------+--------+-----+--------+
         Total |   7132 |   6944 |    188 |   2314 |   3043 |   8 |  891.5 |
       Dungeon |   5840 |   5652 |    188 |   1440 |   2994 |   7 |  834.3 |
        Bailey |   1291 |   1291 |      0 |    873 |     49 |   1 | 1291.0 |
               +--------+--------+--------+--------+--------+-----+--------+

Top non-repeatable levels by time:
     D:5: 1452 daAuts
  Bailey: 1291 daAuts
     D:4: 1079 daAuts
     D:3: 1075 daAuts
     D:6: 843 daAuts
     D:1: 664 daAuts
     D:2: 547 daAuts
     D:7: 178 daAuts
